 Dungeon Crawl Stone Soup version 0.25-a0-458-g6fc7858b95 (webtiles) character file.

Game seed: 10181717135732506294, levelgen mode: deterministic

145 Glundar the Ruffian (level 5, -3/53 HPs)
             Began as a Troll Monk on Feb 2, 2020.
             Was a Believer of Okawaru.
             Slain by an orc
             ... wielding a +0 short sword
              (5 damage)
             ... on level 3 of the Dungeon.
             The game lasted 00:11:45 (1624 turns).

Glundar the Ruffian (Troll Monk)                    Turns: 1624, Time: 00:11:45

Health: -3/53      AC:  6    Str: 20    XL:     5   Next: 6%
Magic:  1/4        EV: 14    Int:  6    God:    Okawaru [**....]
Gold:   71         SH:  0    Dex: 12    Spells: 4/4 levels left

rFire    . . .     SeeInvis .     - Unarmed
rCold    . . .     Gourm    +   (no shield)
rNeg     . . .     Faith    .   a - +0 robe
rPois    .         Spirit   .   (helmet restricted)
rElec    .         Reflect  .   (no cloak)
rCorr    .         Harm     .   (gloves unavailable)
MR       .....                  (boots unavailable)
Stlth    +++.......             (no amulet)
HPRegen  0.57/turn              (no ring)
MPRegen  0.09/turn              (no ring)

@: heroism
A: large, unfitting armour, claws 3, fast metabolism 3, gourmand, regeneration
1, shaggy fur 1, tough skin 3
a: Heroism, Renounce Religion


You were on level 3 of the Dungeon.
You worshipped Okawaru.
Okawaru was pleased with you.
You were completely stuffed.

You visited 1 branch of the dungeon, and saw 3 of its levels.

You collected 71 gold pieces.

Inventory:

Hand Weapons
 c - a +2 dagger of holy wrath
 e - a +2 dagger of flaming
 l - a +0 war axe
Missiles
 g - 74 stones (quivered)
Armour
 a - a +0 robe (worn)
Scrolls
 d - a scroll of fog {unknown}
 f - a scroll of teleportation {unknown}
 i - a scroll of enchant weapon {unknown}
 j - 3 scrolls of remove curse {unknown}
 k - a scroll of magic mapping {unknown}
 m - 2 scrolls of identify {unknown}
 o - a scroll of fear {unknown}
Potions
 h - a potion of ambrosia {unknown}
 n - a potion of lignification {unknown}
 p - a potion of heal wounds {unknown}
Comestibles
 b - 5 rations
 q - 5 chunks of flesh


   Skills:
 + Level 3.1(8.1) Fighting
 - Level 1.4(6.4) Short Blades
 + Level 3.0(8.0) Dodging
 + Level 1.5(6.5) Stealth
 * Level 3.6(8.6) Unarmed Combat


You had 4 spell levels left.
You didn't know any spells.
Your spell library was empty.

Dungeon Overview and Level Annotations

Branches:
Dungeon (3/15)

Altars:
Cheibriados
Okawaru


Innate Abilities, Weirdness & Mutations

You are too large for most types of armour.
You have claws for hands.
Your metabolism is lightning-fast.
You like to eat raw meat.
Your natural rate of healing is unusually fast.
You are covered in fur. (AC +1)
You have extremely tough skin. (AC +3)


Message History

* * * LOW HITPOINT WARNING * * *
The orc barely misses you.
You closely miss the orc priest.
The orc priest is almost dead.
The orc priest calls down the wrath of Beogh upon you.
You barely resist.
The orc priest hits you with a +0 flail!
* * * LOW HITPOINT WARNING * * *
The orc hits you but does no damage.
You gain the combat prowess of a mighty hero.
The orc priest hits you but does no damage.
The orc hits you with a +0 short sword.
* * * LOW HITPOINT WARNING * * *
The orc priest closely misses you.
You mangle the orc priest!!
You kill the orc priest!
Okawaru accepts your kill.
You have reached level 5!
The orc hits you with a +0 short sword.
You die...

#.#####.####.##.# ..
#.# .# ..# #.. .#
..... ### ## <...
.#$.#..# ###### ##
?...#...## .....#
..#.#..#..#.##o....#
............@[....#
#.......#.##o....#
#.##.##.## .....#
#.#.#.## ######
#...## ####รท#### ##
#.......#
##.##.##.##.#
###.#.#.##.# #


You could see an orc priest and an orc.

Vanquished Creatures
  An orc priest (D:3)
  An orc wizard (D:3)
  2 adders (D:2)
  An adder skeleton (D:2)
  2 dart slugs
  5 orcs (D:3)
  A bat skeleton (D:2)
  2 giant cockroaches (D:2)
  8 goblins
  7 hobgoblins
  5 kobolds
  2 quokkas
  9 bats
  A frilled lizard (D:1)
  A jackal zombie (D:2)
  A quokka skeleton (D:2)
  7 rats
  A withered plant (D:2)
57 creatures vanquished.

Notes
Turn   | Place    | Note
-------+----------+-------------------------------------------
     0 | D:1      | Glundar the Troll Monk began the quest for the Orb.
     0 | D:1      | Reached XP level 1. HP: 22/22 MP: 0/0
   130 | D:1      | Reached XP level 2. HP: 29/29 MP: 1/1
   247 | D:1      | Found a snail-covered altar of Cheibriados.
   718 | D:2      | Reached XP level 3. HP: 35/36 MP: 2/2
   741 | D:2      | Reached skill level 1 in Short Blades
  1026 | D:2      | Reached XP level 4. HP: 44/44 MP: 3/3
  1515 | D:3      | Found an iron altar of Okawaru.
  1542 | D:3      | Became a worshipper of Warmaster Okawaru
  1542 | D:3      | Reached * piety under Okawaru
  1542 | D:3      | Reached ** piety under Okawaru
  1623 | D:3      | HP: 1/45 [orc/+0 short sword (2)]
  1624 | D:3      | Reached XP level 5. HP: 1/53 MP: 1/4
  1624 | D:3      | Slain by an orc

Levels and vault maps discovered:
D:1:      saegor_arrival_simple_e, layout_loops_ring, serial_bayou_ford_a,
          cheibriados_altar_1
D:2:      layout_basic, serial_undead, serial_undead_f, serial_undead_b,
          serial_undead_e, serial_undead_a
D:3:      layout_loops_cross, okawaru_metal_pillars_3, first_ration,
          chequers_serial_rivers_room_a

Skill      XL: |  1  2  3  4 |
---------------+-------------+-----
Short Blades   | 1 |  1.4
Fighting       | 3 |  3.1
Dodging        | 3 |  3.0
Stealth        | |  1.5
Unarmed Combat | |  3.6

Action                   |  1- 3 |  4- 6 || total
-------------------------+-------+-------++-------
Melee: Unarmed           |    19 |    29 ||    48
       Dagger            |   142 |    17 ||   159
       Punch             |     1 |       ||     1
Invok: Heroism           |       |     1 ||     1
 Stab: Sleeping          |     6 |       ||     6
  Eat: Chunk             |    15 |     6 ||    21
Armor: Robe              |    57 |    18 ||    75
Dodge: Dodged            |    58 |    33 ||    91

Table legend:
 A = Non-vault XP
 B = Vault XP
 C = Vault XP percentage of total XP
 D = Non-vault monster count
 E = Vault monster count
 F = Vault count percentage of total count
                 A         B        C        D         E       F
            +---------+---------+-------+---------+---------+-------
      Total |     199 |       9 |   4.3 |      52 |       4 |   7.1
            +---------+---------+-------+---------+---------+-------
        D:1 |      27 |       0 |   0.0 |      16 |       0 |   0.0
        D:2 |      69 |       9 |  11.5 |      25 |       4 |  13.8
        D:3 |     103 |       0 |   0.0 |      11 |       0 |   0.0
            +---------+---------+-------+---------+---------+-------
